TOP OF THE 1ST |
Rutgers Scarlet Knights batting - Pitching for Mississippi Rebels : LHP Juan Méndez
|
Pitching: LHP Juan Méndez
|
|
Batting: LHB Dave Watkins
|
0-0: Foul Ball, location: 2F 0-1: Foul Ball, location: 2F 0-2: Ball 1-2: Ground out 3-1 (Groundball, 34)
|
Batting: RHB Howard Battle
|
0-0: Ball 1-0: Bunted foul 1-1: Ground out 6-3 (Groundball, 6)
|
Batting: LHB Carlos Hernández
|
0-0: Ball 1-0: Called Strike 1-1: Fly out, F9 (Flyball, 89S)
|
Top of the 1st over - 0 run(s), 0 hit(s), 0 error(s), 0 left on base; Rutgers 0 - Mississippi 0 |
BOTTOM OF THE 1ST |
Mississippi Rebels batting - Pitching for Rutgers Scarlet Knights : LHP Júlio Ariza
|
Pitching: LHP Júlio Ariza
|
|
Batting: RHB Jon Waller
|
0-0: Ball 1-0: Called Strike 1-1: Called Strike 1-2: Strikes out looking
|
Batting: RHB Owen Parra
|
0-0: Fly out, F8 (Flyball, 8RM)
|
Batting: LHB Ryan Miller
|
0-0: Called Strike 0-1: Ball 1-1: Ball 2-1: Ball 3-1: Base on Balls
|
Batting: RHB Lou Hammond
|
0-0: Called Strike 0-1: Ball 1-1: Called Strike 1-2: Ground out 3-1 (Groundball, 3S)
|
Bottom of the 1st over - 0 run(s), 0 hit(s), 0 error(s), 1 left on base; Rutgers 0 - Mississippi 0 |
TOP OF THE 2ND |
Rutgers Scarlet Knights batting - Pitching for Mississippi Rebels : LHP Juan Méndez
|
Batting: RHB Chris Barker
|
0-0: Foul Ball, location: 2F 0-1: SINGLE (Line Drive, 7S)
|
Batting: RHB Eric Green
|
0-0: Called Strike 0-1: Ball 1-1: Ball 2-1: Ball 3-1: Base on Balls Chris Barker to second
|
Batting: LHB Ryan Washington
|
0-0: Called Strike 0-1: Ball 1-1: Fielders Choice at 2nd, 3-6 (Groundball, 34) Chris Barker to third
|
Batting: RHB Joseph McCarteney
|
0-0: Ball Wild Pitch! Chris Barker scores Ryan Washington to second 1-0: 2-RUN HOME RUN (Flyball, 7D), Distance : 345 ft
|
Batting: RHB Harry Wilkins
|
0-0: Ball 1-0: Swinging Strike 1-1: Ball 2-1: Foul Ball, location: 2F 2-2: Strikes out looking
|
Batting: RHB Jesús León
|
0-0: Ball 1-0: Called Strike 1-1: Ball 2-1: Foul Ball, location: 2F 2-2: Foul Ball, location: 2F 2-2: Fly out, F8 (Flyball, 8LM)
|
Top of the 2nd over - 3 run(s), 2 hit(s), 0 error(s), 0 left on base; Rutgers 3 - Mississippi 0 |
BOTTOM OF THE 2ND |
Mississippi Rebels batting - Pitching for Rutgers Scarlet Knights : LHP Júlio Ariza
|
Batting: LHB John Allen
|
0-0: Swinging Strike 0-1: SINGLE (Groundball, 6MD)
|
Batting: SHB Jack Hendrix
|
0-0: Ball 1-0: Swinging Strike 1-1: Called Strike 1-2: Ball 2-2: Strikes out swinging
|
Batting: RHB Jesús Estrada
|
0-0: Ball 1-0: Swinging Strike 1-1: Ball 2-1: Ball 3-1: Fly out, F8 (Flyball, 8RM)
|
Batting: RHB Mac Clark
|
0-0: Ball 1-0: Ball 2-0: Ball 3-0: Base on Balls John Allen to second
|
Batting: RHB Jesús Pérez
|
0-0: Called Strike 0-1: Ball 1-1: Ball 2-1: Foul Ball, location: 2F 2-2: DOUBLE (Line Drive, 8LD) John Allen scores Mac Clark to third
|
Batting: RHB Jon Waller
|
0-0: Called Strike 0-1: Fly out, F8 (Flyball, 8RS)
|
Bottom of the 2nd over - 1 run(s), 2 hit(s), 0 error(s), 2 left on base; Rutgers 3 - Mississippi 1 |
TOP OF THE 3RD |
Rutgers Scarlet Knights batting - Pitching for Mississippi Rebels : LHP Juan Méndez
|
Batting: LHB Dave Watkins
|
0-0: Called Strike 0-1: Ball 1-1: Ground out 4-3 (Groundball, 4)
|
Batting: RHB Howard Battle
|
0-0: Called Strike 0-1: Ball 1-1: Ball 2-1: Fly out, F6 (Popup, 6)
|
Batting: LHB Carlos Hernández
|
0-0: Called Strike 0-1: Ball 1-1: Ball 2-1: Ground out 1-3 (Groundball, 13)
|
Top of the 3rd over - 0 run(s), 0 hit(s), 0 error(s), 0 left on base; Rutgers 3 - Mississippi 1 |
BOTTOM OF THE 3RD |
Mississippi Rebels batting - Pitching for Rutgers Scarlet Knights : LHP Júlio Ariza
|
Batting: RHB Owen Parra
|
0-0: Ball 1-0: Called Strike 1-1: SINGLE (Groundball, 56D)
|
Batting: LHB Ryan Miller
|
0-0: Ball 1-0: Ball 2-0: DOUBLE (Line Drive, 89D) Owen Parra to third
|
Batting: RHB Lou Hammond
|
0-0: Swinging Strike 0-1: Ball 1-1: Swinging Strike 1-2: Foul Ball, location: 2F 1-2: Foul Ball, location: 2F 1-2: Foul Ball, location: 2F 1-2: SINGLE (Groundball, 34D) Owen Parra scores Ryan Miller to third Runner from 3rd tries for Home, SAFE, throw made home Lou Hammond to second
|
Batting: LHB John Allen
|
0-0: SINGLE (Groundball, 6D) Lou Hammond to third Runner from 3rd tries for Home, throw and OUT! John Allen to second
|
Batting: SHB Jack Hendrix
|
0-0: Called Strike 0-1: Ball 1-1: Swinging Strike 1-2: SINGLE (Groundball, 56D) John Allen to third Runner from 3rd tries for Home, SAFE, no throw
|
Batting: RHB Jesús Estrada
|
0-0: Called Strike 0-1: Called Strike 0-2: Foul Ball, location: 2F 0-2: Foul Ball, location: 2F 0-2: Ball 1-2: Strikes out looking
|
Batting: RHB Mac Clark
|
0-0: Called Strike 0-1: Foul Ball, location: 2F 0-2: Ground out 4-3 (Groundball, 34)
|
Bottom of the 3rd over - 3 run(s), 5 hit(s), 0 error(s), 1 left on base; Rutgers 3 - Mississippi 4 |
TOP OF THE 4TH |
Rutgers Scarlet Knights batting - Pitching for Mississippi Rebels : LHP Juan Méndez
|
Batting: RHB Chris Barker
|
0-0: Called Strike 0-1: Called Strike 0-2: Strikes out looking
|
Batting: RHB Eric Green
|
0-0: Ball 1-0: Swinging Strike 1-1: Called Strike 1-2: Strikes out swinging
|
Batting: LHB Ryan Washington
|
0-0: Ball 1-0: Ball 2-0: Foul Ball, location: 2F 2-1: Ball 3-1: Base on Balls
|
Batting: RHB Joseph McCarteney
|
0-0: Swinging Strike 0-1: Foul Ball, location: 2F 0-2: Ball 1-2: Foul Ball, location: 2F 1-2: Fielders Choice at 2nd, 5-4 (Groundball, 56)
|
Top of the 4th over - 0 run(s), 0 hit(s), 0 error(s), 0 left on base; Rutgers 3 - Mississippi 4 |
BOTTOM OF THE 4TH |
Mississippi Rebels batting - Pitching for Rutgers Scarlet Knights : LHP Júlio Ariza
|
Batting: RHB Jesús Pérez
|
0-0: Swinging Strike 0-1: Ball 1-1: Ball 2-1: Foul Ball, location: 2F 2-2: Strikes out swinging
|
Batting: RHB Jon Waller
|
0-0: Ball 1-0: Called Strike 1-1: Foul Ball, location: 2F 1-2: Ball 2-2: SINGLE (Groundball, 56D)
|
Batting: RHB Owen Parra
|
0-0: Ball 1-0: Foul Ball, location: 2F 1-1: Ball 2-1: Ball 3-1: Grounds into double play, 6-4-3 (Groundball, 56)
|
Bottom of the 4th over - 0 run(s), 1 hit(s), 0 error(s), 0 left on base; Rutgers 3 - Mississippi 4 |
TOP OF THE 5TH |
Rutgers Scarlet Knights batting - Pitching for Mississippi Rebels : LHP Juan Méndez
|
Batting: RHB Harry Wilkins
|
0-0: Ball 1-0: Ball 2-0: Ball 3-0: Foul Ball, location: 2F 3-1: Called Strike 3-2: Foul Ball, location: 2F 3-2: Strikes out swinging
|
Batting: RHB Jesús León
|
0-0: Ball 1-0: Fly out, F2 (Popup, 3S)
|
Batting: LHB Dave Watkins
|
0-0: Called Strike 0-1: Foul Ball, location: 2F 0-2: SINGLE (Line Drive, 89S)
|
Batting: RHB Howard Battle
|
0-0: Fielders Choice at 2nd, 4-6 (Groundball, 4)
|
Top of the 5th over - 0 run(s), 1 hit(s), 0 error(s), 0 left on base; Rutgers 3 - Mississippi 4 |
BOTTOM OF THE 5TH |
Mississippi Rebels batting - Pitching for Rutgers Scarlet Knights : LHP Júlio Ariza
|
Batting: LHB Ryan Miller
|
0-0: Ball 1-0: SOLO HOME RUN (Line Drive, 8LD), Distance : 399 ft
|
Pitching: RHP Rafael Zarate
|
|
Batting: RHB Lou Hammond
|
0-0: Foul Ball, location: 2F 0-1: Ball 1-1: Ball 2-1: Ball 3-1: Base on Balls
|
Batting: LHB John Allen
|
0-0: Ball 1-0: Called Strike 1-1: Ball 2-1: Foul Ball, location: 2F 2-2: Foul Ball, location: 2F 2-2: SINGLE (Flyball, 7S) Lou Hammond to second
|
Batting: SHB Jack Hendrix
|
0-0: Ball 1-0: Called Strike 1-1: Ball 2-1: Called Strike 2-2: Ball 3-2: Foul Ball, location: 2F 3-2: Foul Ball, location: 2F 3-2: Foul Ball, location: 2F 3-2: Foul Ball, location: 2F 3-2: Base on Balls Lou Hammond to third John Allen to second
|
Batting: RHB Jesús Estrada
|
0-0: Ball 1-0: Ball 2-0: Ball 3-0: Base on Balls Lou Hammond scores John Allen to third Jack Hendrix to second
|
Batting: RHB Mac Clark
|
0-0: Ball 1-0: Ball 2-0: Called Strike 2-1: Swinging Strike 2-2: Ball 3-2: Base on Balls John Allen scores Jack Hendrix to third Jesús Estrada to second
|
Batting: RHB Jesús Pérez
|
0-0: Swinging Strike 0-1: Swinging Strike 0-2: Ball 1-2: Ball 2-2: Fly out, F8 (Flyball, 8RM) Runner from 3rd tags up, OUT at HOME Jesús Estrada to third Mac Clark to second
|
Batting: RHB Jon Waller
|
0-0: Called Strike 0-1: Fly out, F8 (Flyball, 89M)
|
Bottom of the 5th over - 3 run(s), 2 hit(s), 0 error(s), 2 left on base; Rutgers 3 - Mississippi 7 |
TOP OF THE 6TH |
Rutgers Scarlet Knights batting - Pitching for Mississippi Rebels : LHP Juan Méndez
|
Batting: LHB Carlos Hernández
|
0-0: Ball 1-0: Ball 2-0: Ball 3-0: Called Strike 3-1: Foul Ball, location: 2F 3-2: Base on Balls
|
Pitching: LHP Paul Hart
|
|
Batting: RHB Chris Barker
|
0-0: Called Strike 0-1: Fly out, F8 (Flyball, 8RS)
|
Batting: RHB Eric Green
|
0-0: Ball 1-0: Ball 2-0: Called Strike 2-1: Foul Ball, location: 2F 2-2: Strikes out swinging
|
Batting: LHB Ryan Washington
|
0-0: Ball 1-0: Ball 2-0: Foul Ball, location: 2F 2-1: Ball 3-1: SINGLE (Line Drive, 9LS) Carlos Hernández to second
|
Batting: RHB Joseph McCarteney
|
0-0: Called Strike 0-1: SINGLE (Line Drive, 56D) Carlos Hernández to third Ryan Washington to second Runner from 3rd tries for Home, SAFE, no throw
|
Batting: RHB Harry Wilkins
|
0-0: Ball 1-0: Fly out, F8 (Line Drive, 8LM)
|
Top of the 6th over - 1 run(s), 2 hit(s), 0 error(s), 2 left on base; Rutgers 4 - Mississippi 7 |
BOTTOM OF THE 6TH |
Mississippi Rebels batting - Pitching for Rutgers Scarlet Knights : RHP Rafael Zarate
|
Pitching: RHP Bob Hall
|
|
Batting: RHB Owen Parra
|
0-0: Ball 1-0: Swinging Strike 1-1: Ball 2-1: Foul Ball, location: 2F 2-2: Fly out, F9 (Line Drive, 9)
|
Batting: LHB Ryan Miller
|
0-0: Called Strike 0-1: Ball 1-1: Ball 2-1: Ground out 4-3 (Groundball, 4)
|
Batting: RHB Lou Hammond
|
0-0: Fly out, F8 (Flyball, 8RM)
|
Bottom of the 6th over - 0 run(s), 0 hit(s), 0 error(s), 0 left on base; Rutgers 4 - Mississippi 7 |
TOP OF THE 7TH |
Rutgers Scarlet Knights batting - Pitching for Mississippi Rebels : LHP Paul Hart
|
Batting: RHB Jesús León
|
0-0: Ball 1-0: Fly out, F9 (Flyball, 89S)
|
Batting: LHB Dave Watkins
|
0-0: Ball 1-0: Fly out, F3 (Line Drive, 3)
|
Batting: RHB Howard Battle
|
0-0: Swinging Strike 0-1: Foul Ball, location: 2F 0-2: Ball 1-2: Strikes out swinging, 2-3 out at first.
|
Top of the 7th over - 0 run(s), 0 hit(s), 0 error(s), 0 left on base; Rutgers 4 - Mississippi 7 |
BOTTOM OF THE 7TH |
Mississippi Rebels batting - Pitching for Rutgers Scarlet Knights : RHP Bob Hall
|
Batting: LHB John Allen
|
0-0: Fly out, F8 (Flyball, 8LS)
|
Batting: SHB Jack Hendrix
|
0-0: Ball 1-0: Ball 2-0: SOLO HOME RUN (Flyball, 89XD), Distance : 390 ft
|
Batting: RHB Jesús Estrada
|
0-0: Foul Ball, location: 2F 0-1: Foul Ball, location: 2F 0-2: Ball 1-2: Foul Ball, location: 2F 1-2: Strikes out swinging
|
Batting: RHB Mac Clark
|
0-0: Ball 1-0: Foul Ball, location: 2F 1-1: Ball 2-1: Called Strike 2-2: Foul Ball, location: 2F 2-2: Ground out 5-3 (Groundball, 56)
|
Bottom of the 7th over - 1 run(s), 1 hit(s), 0 error(s), 0 left on base; Rutgers 4 - Mississippi 8 |
TOP OF THE 8TH |
Rutgers Scarlet Knights batting - Pitching for Mississippi Rebels : LHP Paul Hart
|
Batting: LHB Carlos Hernández
|
0-0: Ball 1-0: Ball 2-0: Swinging Strike 2-1: Ball 3-1: Base on Balls
|
Batting: RHB Chris Barker
|
0-0: DOUBLE (Flyball, 9LM) Carlos Hernández to third
|
Pitching: RHP Craig Jones
|
|
Batting: RHB Eric Green
|
0-0: Ball 1-0: Swinging Strike 1-1: Ground out 5-3 (Groundball, 56S) Carlos Hernández scores Chris Barker to third
|
Pitching: LHP Chris Pérez
|
|
Batting: LHB Ryan Washington
|
0-0: Ball 1-0: Foul Ball, location: 2F 1-1: SINGLE (Groundball, 34) (infield hit) Chris Barker scores
|
Pitching: RHP John Hill
|
|
Batting: RHB Joseph McCarteney
|
0-0: SINGLE (Line Drive, 7S) Ryan Washington to second
|
Pinch Runner at 2nd Bill Shaffer:
|
|
Batting: RHB Harry Wilkins
|
0-0: Fly out, F7 (Flyball, 7S)
|
Pinch Hitting: LHB Zander Rutherford
|
0-0: Ball 1-0: Ball 2-0: Swinging Strike 2-1: Ball 3-1: Foul Ball, location: 2F 3-2: Fly out, F7 (Flyball, 7S)
|
Top of the 8th over - 2 run(s), 3 hit(s), 0 error(s), 2 left on base; Rutgers 6 - Mississippi 8 |
BOTTOM OF THE 8TH |
Mississippi Rebels batting - Pitching for Rutgers Scarlet Knights : RHP Bob Hall
|
Now at 1B: Bill Shaffer
|
|
Now in RF: Zander Rutherford
|
|
Batting: RHB Jesús Pérez
|
0-0: Ball 1-0: Ball 2-0: Ball 3-0: Base on Balls
|
Batting: RHB Jon Waller
|
0-0: Bunt missed! 0-1: Ball 1-1: Bunt missed! 1-2: Ball 2-2: Strikes out looking
|
Pitching: RHP Steven Lawson
|
|
Batting: RHB Owen Parra
|
0-0: SINGLE (Groundball, 6D) Jesús Pérez to second
|
Batting: LHB Ryan Miller
|
0-0: Foul Ball, location: 2F 0-1: Fly out, F6 (Popup, 6M)
|
Batting: RHB Lou Hammond
|
0-0: Called Strike 0-1: Ball 1-1: Foul Ball, location: 2F 1-2: Foul Ball, location: 2F 1-2: Ball 2-2: SINGLE (Groundball, 56D) Jesús Pérez to third Owen Parra to second Runner from 3rd tries for Home, SAFE, no throw
|
Batting: LHB John Allen
|
0-0: Fielders Choice at 2nd, 4-6 (Groundball, 4)
|
Bottom of the 8th over - 1 run(s), 2 hit(s), 0 error(s), 1 left on base; Rutgers 6 - Mississippi 9 |
TOP OF THE 9TH |
Rutgers Scarlet Knights batting - Pitching for Mississippi Rebels : RHP John Hill
|
Pitching: RHP Jesse Williams
|
|
Batting: LHB Dave Watkins
|
0-0: Ball 1-0: Swinging Strike 1-1: SINGLE (Flyball, 8RS)
|
Batting: RHB Howard Battle
|
0-0: Ball 1-0: SINGLE (Line Drive, 4) Dave Watkins to second
|
Batting: LHB Carlos Hernández
|
0-0: Swinging Strike 0-1: Ball 1-1: Foul Ball, location: 2F 1-2: Ball 2-2: Foul Ball, location: 2F 2-2: DOUBLE (Line Drive, 7LM) Dave Watkins scores Howard Battle to third
|
Batting: RHB Chris Barker
|
0-0: Ball 1-0: Called Strike 1-1: Ball 2-1: Called Strike 2-2: Fly out, F8 (Flyball, 8LM) Runner from 3rd tags up, SCORES, no throw
|
Pitching: RHP Jim Major
|
|
Batting: RHB Eric Green
|
0-0: Swinging Strike 0-1: Called Strike 0-2: Strikes out looking
|
Pinch Hitting: SHB Pat Brock
|
0-0: Ball 1-0: Ball 2-0: SINGLE (Line Drive, 9S) Carlos Hernández to third
|
Batting: RHB Joseph McCarteney
|
0-0: Called Strike 0-1: Foul Ball, location: 2F 0-2: Strikes out swinging
|
Top of the 9th over - 2 run(s), 4 hit(s), 0 error(s), 2 left on base; Rutgers 8 - Mississippi 9 |
|